[Event "Reykjavik Open 2022"]
[Site "Reykjavik"]
[Date "2022.04.09"]
[Round "5.7"]
[White "Gupta, Abhijeet"]
[Black "Sukandar, Irine Kharisma"]
[Result "1/2-1/2"]
[ECO "E06"]
[WhiteElo "2628"]
[BlackElo "2378"]
[Annotator "TA"]
[PlyCount "108"]
[EventDate "2022.04.06"]
[EventCountry "ISL"]
[SourceTitle "playchess.com"]
[Source "ChessBase"]
[SourceQuality "1"]
[TimeControl "40/5400+30:1800+30"]

1. d4 Nf6 2. c4 e6 3. g3 d5 4. Bg2 Be7 5. Nf3 O-O 6. Nc3 dxc4 7. Ne5 Nc6 8. Bxc6 bxc6 9. Nxc6 Qe8 10. Nxe7+ Qxe7 11. Qa4 c5 12. dxc5 $1 {[%emt 0:00:08] 12.dxc5 is better than 12.Qxc4. E06: Closed Catalan: Early deviations.} Qxc5 13. Be3 Qc7 14. f3 Bb7 15. O-O-O Nd5 16. Bd4 a5 17. Nxd5 {[%emt 0:00:42] [#]} Bxd5 $146 ({Predecessor:} 17... exd5 18. Kb1 Bc6 19. Qc2 a4 20. a3 Rab8 21. Bc3 Rfe8 22. Rhe1 Re3 23. Ka2 Qe7 {½-½ (32) Salimova,N (2372)-Bilych,O (2309) Primorsko 2020}) 18. Bc3 Qc5 19. Rd2 Bc6 20. Qc2 Rfd8 21. Kb1 Rd5 22. Rxd5 (22. e4 {seems wilder.} Rxd2 23. Qxd2 f5 24. Qg5) 22... exd5 23. Qd2 {[%emt 0:01:24] Prevents d4.} Re8 24. Bd4 Qb4 25. Qg5 f6 26. Bxf6 Qf8 27. Be5 h6 28. Qf4 Qe7 29. Bc3 Qxe2 30. Qd4 Qd3+ 31. Qxd3 cxd3 32. Bxa5 $11 {[%emt 0:05:31][%mdl 4096] Endgame KRB-KRB} d4 33. Re1 Ra8 34. Bd2 Bxf3 35. b3 Kh7 36. Rf1 Be2 37. Rc1 Kg6 38. a4 Kf5 39. a5 Ke4 ({Black should play} 39... Rb8 $14) 40. b4 $1 $16 Bg4 41. b5 Rc8 42. Re1+ $1 Kf3 $2 (42... Kd5 {might work better.}) 43. Re5 $2 (43. a6 $1 $18 {is the precise move to win.}) 43... Rc2 {[%emt 0:02:22] [#]} 44. a6 $1 {[%emt 0:04:49] Threatens to win with a7.} Bc8 {[%emt 0:02:07] [#]} (44... Rxd2 $2 45. a7 Kg2 46. a8=Q+ $18) (44... Kg2 45. Be1) 45. Re8 Rxd2 $11 46. Rxc8 {[%emt 0:00:03] a7 is the strong threat. KR-KR} Rd1+ 47. Kb2 $1 Ra1 $1 48. Rf8+ (48. Kxa1 $2 d2 49. Kb2 (49. Rf8+ $2 Kg2 $19) 49... d1=Q $19) 48... Ke2 $1 {[%emt 0:03:27] ( -> ...d2)} 49. Re8+ (49. Kxa1 $2 d2 50. Re8+ Kd3 $19) 49... Kf3 {[%emt 0:02:38] And now ...d2 would win.} 50. Rf8+ (50. Kxa1 $2 d2 51. Re7 (51. Rf8+ $2 Ke2 $19) 51... d1=Q+ $19) 50... Ke2 $1 51. Rf4 (51. Kxa1 $2 d2 52. Re8+ Kd3 $19) (51. Re8+ $11 {was the only way to keep the balance.} Kf3 52. Rf8+ (52. Kxa1 $2 d2 $19)) 51... Ra4 ({Reject} 51... d2 $6 52. Rxd4 Ra4 53. Rd8 $11 (53. Rxa4 d1=Q $17)) ({Better is} 51... Ra5 $17 52. Re4+ (52. Rxd4 $2 Rxb5+ 53. Kc3 Rc5+ 54. Kb4 Rc7 $19) 52... Kd2 53. Rxd4 Rxb5+ 54. Ka3 Rb1) 52. Re4+ {[%emt 0:00:15] The position is equal.} Kf3 53. Re8 {[%emt 0:00:17] Black must now prevent Kc1.} Ra1 {[%emt 0:00:28] Hoping for ...d2.} 54. Rf8+ (54. Kxa1 $2 {is the wrong capture.} d2 55. Re7 (55. Rf8+ $2 Ke2 $19) 55... d1=Q+ $19) 54... Ke2 $1 {[%emt 0:00:06] Weighted Error Value: White=0.22 (precise) /Black=0.15 (very precise)} 1/2-1/2

[Event "Reykjavik Open 2022"]
[Site "Reykjavik"]
[Date "2022.04.09"]
[Round "5.8"]
[White "Martin, Julian"]
[Black "Warmerdam, Max"]
[Result "0-1"]
[ECO "B70"]
[WhiteElo "2388"]
[BlackElo "2607"]
[Annotator "TA"]
[PlyCount "76"]
[EventDate "2022.04.06"]
[EventCountry "ISL"]
[SourceTitle "playchess.com"]
[Source "ChessBase"]
[SourceQuality "1"]
[TimeControl "40/5400+30:1800+30"]

1. e4 c5 2. Nf3 d6 3. d4 cxd4 4. Nxd4 Nf6 5. Nc3 Nc6 6. g3 g6 7. Nde2 Bg7 8. Bg2 Bd7 9. O-O Qc8 10. Nd5 {[%emt 0:06:23] B70: Sicilian Dragon: 6 g3 and 6 Be2 (without a later Be3).} h5 $5 {[%emt 0:02:20][%mdl 4] A promising side line.} 11. h4 Nxd5 12. exd5 {[%emt 0:00:31] The position is equal.} Ne5 13. c3 O-O {[%emt 0:14:20] [#]} 14. Bg5 $146 ({Predecessor:} 14. Nd4 Bg4 15. Qc2 Bh3 16. Bg5 Re8 17. Rfe1 Bxg2 18. Kxg2 Qc5 19. Qb3 a6 20. Rad1 {½-½ (37) Sorsa,N (2270)-Korhonen,P (2145) Naantali 1997}) 14... Bg4 15. f3 (15. Bxe7 Re8 16. Bxd6 Bxe2 17. Qxe2 Nc4 $17) 15... Bh3 16. b3 Qc5+ 17. Kh2 Bf5 18. Qd2 Rfe8 19. Rad1 b5 20. Be3 Qc7 21. Nd4 Bd7 22. Bg1 a5 23. Kh1 f5 24. f4 Ng4 25. Rfe1 Bf6 26. Rc1 $36 {[%emt 0:00:44][%mdl 2048] White has the initiative.} a4 27. c4 bxc4 (27... axb3 $11 {remains equal.} 28. axb3 (28. cxb5 Qb7 $11) 28... bxc4) 28. Rxc4 $16 Qb7 29. b4 (29. Rb4 $5 Qa6 30. bxa4 $14) 29... a3 30. Rec1 {[%emt 0:01:06] [#] Strongly threatening Rc7.} Rac8 {[%emt 0:01:44] Against Rc7} (30... Bxd4 $5 31. Rc7 (31. Bxd4 Rac8 $11) (31. Rxd4 Rec8 $11) (31. Qxd4 Rac8 $11) 31... Bxg1 32. Rxb7 Be3 $11) 31. Rxc8 Rxc8 32. Rxc8+ (32. Nc6 $16) 32... Qxc8 $11 33. Nc6 {[%emt 0:00:24] aiming for b5.} Qa6 34. Qc2 {[%emt 0:01:11] [#] Against Qc4} (34. Nb8 $1 $11 Qb7 35. Nxd7 Qxd7 36. Bf1) 34... Kh7 $1 $17 35. Nb8 (35. Qb3 $17 {was worth a try.} Qe2 36. Qxa3) 35... Qa4 36. Qe2 (36. Qxa4 $17 Bxa4 37. Nc6) 36... Qb5 $19 37. Qxb5 Bxb5 38. Nc6 Bc4 {[%emt 0:00:01] Weighted Error Value: White=0.32/Black=0.13 (very precise)} 0-1

[Event "Reykjavik Open 2022"]
[Site "Reykjavik"]
[Date "2022.04.09"]
[Round "5.9"]
[White "Andersen, Mads"]
[Black "Soham Das"]
[Result "1-0"]
[ECO "B22"]
[WhiteElo "2570"]
[BlackElo "2330"]
[Annotator "TA"]
[PlyCount "77"]
[EventDate "2022.04.06"]
[EventCountry "ISL"]
[SourceTitle "playchess.com"]
[Source "ChessBase"]
[SourceQuality "1"]
[TimeControl "40/5400+30:1800+30"]

1. e4 c5 2. c3 g6 3. d4 cxd4 4. cxd4 d5 5. e5 Bg7 6. Nf3 Nc6 7. Bb5 Nh6 8. O-O O-O 9. h3 f6 10. Nc3 Nf5 {[%emt 0:16:02][%cal Rf6e5] B22: Sicilian: 2 c3.} 11. Re1 fxe5 (11... e6 $14) 12. dxe5 $16 e6 {[%emt 0:05:12] White is better.} 13. Bxc6 bxc6 14. Na4 (14. Bg5 $16 Qd7 15. Na4) 14... Nh4 $14 {[%emt 0:09:45] [#] White must now prevent ...Nxf3+.} 15. Nd4 Nf5 16. b3 Qe7 {[%emt 0:04:56] Inhibits Ba3.} 17. Nf3 {[%emt 0:17:08] [#] Pair of Knights!} ({Much worse is} 17. Nxc6 Qc7 18. Nb4 (18. Qc2 Bb7 $11) 18... Bxe5 19. Nxd5 Qb8 $14) 17... Nh4 $146 ({Predecessor:} 17... Bd7 18. Bg5 Qf7 19. Nc5 h6 20. Bf6 Bc8 21. Bxg7 Kxg7 22. Qd2 a5 23. Rac1 Ba6 24. Nd4 Nxd4 25. Qxd4 Rfb8 {1-0 (44) Angarov,D (1933)-Zhuk,V (1959) Ulan-Ude 2013}) 18. Nxh4 Qxh4 19. Qc2 Rf5 20. Bb2 Bd7 21. Nc5 Qe7 22. Bd4 Be8 23. b4 {[%emt 0:02:04] &Bianco is more active.} a5 {[%emt 0:00:33] [#] This costs Black the game.} (23... Bh6 $16 {keeps fighting.}) 24. bxa5 $1 $18 Rxa5 25. Qc3 Ra8 26. a4 g5 (26... Bd7 {was called for.} 27. a5 Bc8) 27. Rab1 {[%emt 0:01:29] And now Rb7 would win.} Bg6 28. Rb7 Qe8 29. a5 Rf7 30. a6 Bf8 31. Rxf7 Kxf7 32. Ra1 {[%emt 0:00:24] White is clearly winning.} Be7 (32... Bf5 $142 33. a7 Be7) 33. Qf3+ Kg8 34. Nxe6 {[%emt 0:00:55] aiming for Nc7.} Be4 35. Qg3 {[%emt 0:01:45] Threatens to win with Nc7.} Qc8 {[%emt 0:00:33] Against Nc7} 36. Nc5 Bg6 37. e6 {[%emt 0:01:06] Threatening mate with Qe5.} Bxc5 38. Bxc5 Qxe6 39. a7 {[%emt 0:00:28] Weighted Error Value: White=0.16 (very precise) /Black=0.37} 1-0

[Event "Reykjavik Open 2022"]
[Site "Reykjavik"]
[Date "2022.04.09"]
[Round "5.10"]
[White "Thorfinnsson, Bjorn"]
[Black "Mishra, Abhimanyu"]
[Result "0-1"]
[ECO "E07"]
[WhiteElo "2387"]
[BlackElo "2505"]
[Annotator "TA"]
[PlyCount "95"]
[EventDate "2022.04.06"]
[EventCountry "ISL"]
[SourceTitle "playchess.com"]
[Source "ChessBase"]
[SourceQuality "1"]
[TimeControl "40/5400+30:1800+30"]

1. c4 c6 2. g3 d5 3. Qb3 Nf6 4. Bg2 e6 5. Nf3 Be7 6. O-O O-O 7. d4 Nbd7 8. Nc3 b6 {[%emt 0:03:19] [#]} 9. e4 $146 {[%emt 0:07:47][%cal Rc4d5] E07: Closed Catalan: Main Line (5 Nf3 0-0 6 0-0 Nbd7).} ({Predecessor:} 9. Bf4 Bb7 10. cxd5 cxd5 11. Rfc1 Rc8 12. Nb5 Rxc1+ 13. Rxc1 Qa8 14. Nc7 Qd8 15. Ng5 h6 16. Ngxe6 fxe6 17. Nxe6 Qa8 {1-0 (32) Thybo,J (2513)-Hansen,S (2590) Svendborg 2019}) 9... Ba6 10. exd5 cxd5 11. Nd2 {[%emt 0:06:45] The position is equal.} Rc8 12. Nb5 dxc4 13. Nxc4 Nb8 14. Rd1 Nc6 {[%emt 0:02:29] [#] Strongly threatening ...Bxb5.} 15. Be3 Nd5 $36 {[%emt 0:05:11][%mdl 2048] White is under pressure.} 16. Rac1 (16. Nc3 $5 ) 16... Qd7 {[%emt 0:04:49] aiming for ...Na5.} 17. a4 Rfd8 18. Nc3 f6 ({Better is} 18... Nxc3 $15 19. bxc3 Qe8) 19. Nb5 Ncb4 20. Nca3 Kh8 21. Bh3 f5 (21... Nxe3 22. Bxe6 Nxd1 23. Rxc8 Rxc8 24. Bxd7 $16) 22. Bd2 Nc6 23. Nc2 Bb7 (23... Bf6 {with more complications.} 24. Bg2 Bb7 25. Ne3 Nxd4 26. Nxd4 Bxd4 27. Nxd5 Bxd5 28. Bxd5 Rxc1 29. Rxc1 exd5 30. Rd1 Bf6) 24. Bg2 Bf6 25. Ne3 Nxd4 (25... Nxe3 {seems wilder.} 26. Bxe3 Na5 27. Qd3 Bxg2 28. Rxc8 Qxc8 29. Kxg2 a6) 26. Nxd4 Bxd4 (26... Rxc1 {is more complex.} 27. Rxc1 Bxd4 28. Nxd5 Bxd5 29. Bxd5 exd5 30. Rd1 Bf6) 27. Nxd5 Bxd5 (27... Rxc1 {feels hotter.} 28. Rxc1 Bxd5 29. Bxd5 exd5 30. Rd1 Bf6) 28. Bxd5 Qxd5 (28... Rxc1 {keeps more tension.} 29. Rxc1 exd5 30. Rd1 Bf6) 29. Qxd5 exd5 30. Rxc8 Rxc8 31. Bc3 Bxc3 32. bxc3 $15 {[%emt 0:00:06][%mdl 4096] Endgame KR-KR} Rd8 33. Rd4 (33. a5 $11 {remains equal.}) 33... Kg8 {[%emt 0:00:12] White is now going downhill.} 34. c4 Kf7 35. cxd5 Ke7 36. g4 {[%emt 0:00:32] [#]} (36. Kf1 $17 {was worth a try.}) 36... fxg4 $1 $19 37. Rxg4 g6 38. Rh4 h5 {[%emt 0:00:37] Threatens to win with ...Kd6.} 39. Re4+ Kd6 40. Re6+ Kc5 41. Rc6+ $2 (41. Rxg6 Rxd5 42. f4) 41... Kb4 {[%emt 0:10:19] Black is clearly winning.} 42. Rc7 (42. Kg2 $142 Rxd5 43. Rxg6) 42... Kxa4 43. Rxa7+ Kb5 44. Rg7 Rd6 45. Kg2 (45. Rc7 $142 Rxd5 46. Kg2) 45... Kc4 46. Kf3 Kxd5 47. Kf4 b5 {[%emt 0:00:41] Hoping for ...b4.} 48. Rb7 {[%emt 0:00:09] Weighted Error Value: White=0.52/Black=0.13 (very precise)} 0-1

[Event "Reykjavik Open 2022"]
[Site "Reykjavik"]
[Date "2022.04.09"]
[Round "5.11"]
[White "Peng, Li Min"]
[Black "De Wachter, Matthias"]
[Result "1/2-1/2"]
[ECO "C27"]
[WhiteElo "2498"]
[BlackElo "2322"]
[Annotator "TA"]
[PlyCount "55"]
[EventDate "2022.04.06"]
[EventCountry "ISL"]
[SourceTitle "playchess.com"]
[Source "ChessBase"]
[SourceQuality "1"]
[TimeControl "40/5400+30:1800+30"]

1. e4 e5 2. Nc3 Nf6 3. Bc4 Nxe4 4. Qh5 Nd6 5. Bb3 Be7 $1 6. f4 {[%emt 0:00:07] C27: Vienna Game: 2...Nf6 3 Bc4 Nxe4.} exf4 7. d4 O-O 8. Bxf4 {[%emt 0:00:14] Black is slightly better.} Ne8 9. O-O-O Nf6 (9... a5 {is interesting.} 10. a3 a4 11. Ba2 d6) 10. Qf3 d6 11. h3 c6 12. g4 d5 13. g5 Ne8 14. h4 Be6 15. Nge2 b5 16. Rdg1 Nd7 {[%emt 0:01:01] [#]} 17. h5 $146 ({Predecessor:} 17. Nd1 b4 18. c3 Nd6 19. Bxd6 Bxd6 20. Bc2 Rb8 21. Nf4 Bxf4+ 22. Qxf4 bxc3 23. bxc3 c5 24. h5 cxd4 25. Qxd4 {1-0 (32) Beerdsen,T (2468)-Schulze,L (2252) Berlin 2021}) 17... a5 {[%emt 0:01:52] Hoping for ...a4.} 18. a4 $1 b4 19. Nd1 c5 $36 {[%emt 0:02:07][%cal Bc6c5,Bc5c4,Bc4c3][%mdl 2080] Black has the initiative.} 20. Ne3 ({But not} 20. Bxd5 Ne5 $1 21. dxe5 Bxd5 $17) 20... c4 21. Ba2 ({Better is} 21. Bxc4 $1 $15 dxc4 22. d5) 21... Nb6 $17 22. Bb1 {[%emt 0:00:05] [#]} (22. g6 $17) 22... c3 $1 $19 ({Stronger than} 22... Nxa4 23. Qg2) 23. b3 Ra7 24. Kd1 (24. g6 $142) 24... Bd6 25. Qg3 Qb8 26. Qh4 Qd8 $2 (26... f6 $19 {Strongly threatening ...Bc8.} 27. Rf1 fxg5 28. Qxg5 Raf7 29. Bxd6 Nxd6 30. Rxf7 Nxf7) 27. Qh2 $2 (27. Qg3 $1 $11 {and White has nothing to worry.}) 27... Qe7 28. Qf2 {[%emt 0:10:08] Weighted Error Value: White=0.42/Black=0.19 (very precise)} 1/2-1/2

[Event "Reykjavik Open 2022"]
[Site "Reykjavik"]
[Date "2022.04.09"]
[Round "5.12"]
[White "Fantinel, Thibault"]
[Black "Stefansson, Vignir Vatnar"]
[Result "1/2-1/2"]
[ECO "B52"]
[WhiteElo "2376"]
[BlackElo "2484"]
[Annotator "TA"]
[PlyCount "123"]
[EventDate "2022.04.06"]
[EventCountry "ISL"]
[SourceTitle "playchess.com"]
[Source "ChessBase"]
[SourceQuality "1"]
[TimeControl "40/5400+30:1800+30"]

1. e4 c5 2. Nf3 d6 3. Bb5+ Bd7 4. Bxd7+ Nxd7 5. O-O Ngf6 6. Qe2 e6 7. c4 Rc8 {[%emt 0:02:09] 7...Ne5 is a critical line. B52: Sicilian: Moscow Variation with 3...Bd7.} 8. d4 cxd4 9. Nxd4 Qa5 10. Rd1 Be7 11. b3 a6 12. Bb2 O-O 13. Nc3 {[%emt 0:01:25] [#]} Ne5 $146 ({Predecessor:} 13... Rc7 14. Qd2 Qh5 15. Re1 Rfc8 16. Rad1 Bf8 17. h3 g6 18. Re2 Bg7 19. Nf3 Rc6 20. Nd4 R6c7 21. Nf3 Rc6 22. Nd4 R6c7 {½-½ (22) Vitiugov,N (2726)-Yu,Y (2713) Berlin 2022}) 14. Rac1 g5 (14... Rfd8 $11) 15. Qd2 $16 Ng6 16. Nd5 Qxd2 17. Nxf6+ Bxf6 18. Rxd2 g4 19. Rcd1 Bg5 20. Rc2 Rfd8 21. Bc1 Bf6 22. Be3 Kf8 23. Rcd2 Ke7 24. Ne2 b5 25. Bb6 Rd7 26. c5 Be5 27. b4 Nf4 ({Black should play} 27... Nf8 $11) 28. Nxf4 Bxf4 29. Rd3 Ke8 30. f3 ({Reject} 30. cxd6 {[#]} Rxd6 $1 31. g3 (31. Rxd6 Bxd6 32. a3 Be5 $17) 31... Rxb6 $11) 30... gxf3 31. gxf3 (31. g3 {feels hotter.} Be5 32. Kf1 h5 33. Kf2) 31... Rc6 32. Kg2 f6 33. Ra3 dxc5 34. Rxd7 Kxd7 35. bxc5 Bc7 36. Rxa6 Bxb6 37. cxb6 $11 {[%emt 0:00:06][%mdl 4096] [#] Endgame And now b7 would win. KR-KR} Rc2+ ({Better is} 37... Kc8 $1 $11) 38. Kg3 $14 Kc6 39. b7+ (39. a4 $1 $14 b4 40. Ra5) 39... Kxb7 $11 {[%emt 0:00:05] The position is equal.} 40. Rxe6 Rxa2 41. Rxf6 b4 {[%emt 0:00:25] White must now prevent ...b3.} 42. Rd6 {[%emt 0:01:23] Hoping for Rd4.} b3 43. Rd3 Ra3 {[%emt 0:01:14] Threatens to win with ...b2.} (43... b2 $5 44. Rb3+ Kc6 $11) 44. Rd1 {[%emt 0:05:15] Rb1 is the strong threat.} b2 {[%emt 0:00:37] ( -> ...Ra1)} 45. Rb1 Rb3 46. Kf4 Kc6 47. Ke5 Kd7 48. f4 Ke7 49. Kf5 Rb5+ 50. e5 Rb4 51. h4 Kf7 52. Kg5 Ke6 53. Kg4 Rb3 54. Kg5 $1 Rb7 55. Kg4 Rb8 56. Kg5 Rb6 57. Kh6 Rb7 58. Kg5 Rb4 59. Kg4 Kf7 60. Kg5 Ke6 61. Kg4 Rb6 62. Kg5 {[%emt 0:00:13] Weighted Error Value: White=0.07 (flawless) /Black=0.10 (very precise)} 1/2-1/2

[Event "Reykjavik Open 2022"]
[Site "Reykjavik"]
[Date "2022.04.09"]
[Round "5.13"]
[White "Rosen, Eric"]
[Black "Beerdsen, Thomas"]
[Result "0-1"]
[ECO "A45"]
[WhiteElo "2356"]
[BlackElo "2508"]
[Annotator "TA"]
[PlyCount "138"]
[EventDate "2022.04.06"]
[EventCountry "ISL"]
[SourceTitle "playchess.com"]
[Source "ChessBase"]
[SourceQuality "1"]
[TimeControl "40/5400+30:1800+30"]

1. d4 Nf6 2. Bf4 c6 3. Nd2 Qb6 4. Ngf3 Nh5 {[%emt 0:00:15] [#]} 5. Bxb8 $146 ({Predecessor:} 5. Bg5 h6 6. Nc4 Qc7 7. Bd2 Nf6 8. g3 Ne4 9. Bh3 Nxd2 10. Qxd2 e6 11. O-O {½-½ (57) Rosso,P (2390)-Dutra,A (2486) LSS email 2014}) 5... Rxb8 6. Rb1 {[%emt 0:03:15] A45: Trompowsky Attack.} d6 7. e3 g6 8. Be2 {[%emt 0:06:26] The position is equal.} Bg7 9. O-O c5 10. c3 O-O 11. Qa4 Qc7 12. Rfe1 (12. Qxa7 Bf5 13. Qa4 Bxb1 14. Rxb1 Nf6 $17) 12... Nf6 13. e4 (13. Qxa7 Bf5 14. dxc5 dxc5 $17) 13... Bd7 14. Bb5 a6 15. Bxd7 Nxd7 16. Nf1 Rfc8 17. Ne3 cxd4 18. cxd4 Nb6 19. Qa5 Qc6 20. b3 Rc7 21. h4 Rbc8 22. a4 e6 23. Re2 $2 {[%emt 0:10:36] [#]} (23. Rbc1 $11 Qd7 24. Rcd1) 23... Qxe4 $1 $17 24. Rbe1 {[%emt 0:00:49] [#]} (24. Ree1 Nd7) 24... Qc6 (24... Bxd4 25. Nd1 (25. Nc2 Qd5 $11) 25... Qf5 26. Qxf5 Bxf2+ 27. Nxf2 $11) ({Black should try} 24... Nd7 $1 $19 25. Qg5 Bf8) 25. Qg5 h6 26. Qg3 Nd5 27. Rc2 Qd7 28. Rxc7 Rxc7 (28... Nxc7 $142 29. Nc4 Rd8) 29. Nxd5 exd5 30. Qf4 Rc3 31. Re3 Rc1+ 32. Kh2 Rc2 33. h5 gxh5 (33... Rxf2 34. hxg6 Rf1 35. gxf7+ Qxf7 36. Qxd6 $11) 34. Ne1 Rc8 (34... Rc7 $5 ) 35. Rg3 Kh8 36. Nd3 Re8 37. Qf3 ({White should play} 37. Re3 $15) 37... Re4 (37... Bxd4 38. Qxh5 Bg7 39. Rf3 $15) 38. Nf4 (38. Qxh5 $17 {was necessary.} Qe6 39. Kg1) 38... Qf5 $19 (38... Bxd4 39. Qxh5 Kh7 40. Rh3 $15) (38... Rxd4 39. Rxg7 Rxf4 40. Qxf4 Kxg7 41. Qd4+ Kg6 42. Qxd5) 39. Nxh5 Rh4+ 40. Rh3 Qxf3 41. gxf3 Rxd4 {[%emt 0:05:05][%mdl 4096] Endgame KRB-KRN} 42. f4 Rd2 43. Re3 $2 (43. Kg2 {was worth a try.}) 43... Bd4 ({But not} 43... Rxf2+ $2 44. Kg3 Rb2 45. Rd3 $19) 44. Re7 Kh7 ({Inferior is} 44... Rxf2+ 45. Kg3 $17) 45. Rxb7 Kg6 46. Ng3 Rxf2+ 47. Kh3 Rxf4 48. Ne2 Re4 49. Nxd4 Rxd4 {[%emt 0:00:06] KR-KR} 50. Rb6 Kf5 (50... Rd3+ $2 51. Kg2 $19) 51. Rxd6 (51. Rxa6 {keeps fighting.} Ke5 52. Rb6) 51... f6 52. Kg2 Ke5 53. Rxa6 (53. Rd7 $142) 53... Rb4 54. Ra8 Rxb3 55. Re8+ Kf5 {[%emt 0:02:10] Hoping for ...Ra3.} 56. Rd8 Ke4 57. Rh8 (57. Re8+ $142 Kf4 58. Rd8) 57... Ra3 58. Rxh6 f5 59. Ra6 d4 60. Kf2 Kd3 $2 (60... d3 {aiming for ...Ra1.} 61. Ke1 Ra1+ 62. Kd2 Ra2+ 63. Kd1 f4 64. Re6+ Kd4 65. Rd6+ Ke3 66. Re6+ Kf2) 61. Ra8 $2 (61. a5 $19) 61... Kc2 62. a5 d3 63. a6 d2 $2 (63... Kd1 {mates} 64. a7 d2 65. Kg2 Ra4 66. Kf3 Rd4 67. Kg3 Rg4+ 68. Kh3 Rg7 69. Kh4 Re7 70. Kg5 Ke2 71. Rg8 Rxa7 72. Re8+ Kd3 73. Rd8+ Ke3 74. Re8+ Kf3 75. Rd8 Ke3 76. Re8+ Kf2 77. Rd8 Ke1 78. Re8+ Kd1 79. Kf4 Rd7 80. Kxf5 Kc1 81. Rc8+ Kb2 82. Rb8+ Kc2 83. Rc8+ Kd3 84. Ke6 Rd4 85. Rf8 d1=Q 86. Rf5 Qh1 87. Ra5 Qh6+ 88. Ke7 Qd6+ 89. Kf7 Rf4+ 90. Rf5 Rxf5+ 91. Kg7 Qf6+ 92. Kg8 Qg6+ 93. Kh8 Rh5#) 64. Rc8+ $17 Kd1 65. Ra8 $2 {[%emt 0:00:50][%mdl 8192] This move loses the game for White.} (65. Rc6 $17) 65... Rc3 {[%emt 0:01:09] Black mates.} 66. Rd8 {[%emt 0:01:43] [#]} Rc7 $1 ({Not} 66... Ra3 67. Rd6 $17) 67. Ke3 Ke1 68. a7 Rxa7 69. Rh8 Ra3+ {[%emt 0:00:05] Weighted Error Value: White=0.51/Black=0.26 (precise)} 0-1

[Event "Reykjavik Open 2022"]
[Site "Reykjavik"]
[Date "2022.04.09"]
[Round "5.14"]
[White "Sigamoney, Cyril S"]
[Black "Hjartarson, Johann"]
[Result "0-1"]
[ECO "A43"]
[WhiteElo "1960"]
[BlackElo "2470"]
[Annotator "TA"]
[PlyCount "116"]
[EventDate "2022.04.06"]
[EventCountry "ISL"]
[SourceTitle "playchess.com"]
[Source "ChessBase"]
[SourceQuality "1"]
[TimeControl "40/5400+30:1800+30"]

1. d4 Nf6 2. Bg5 c5 3. d5 g6 4. Nc3 d6 5. e4 Bg7 6. f4 {[%emt 0:18:43] A43: Schmid Benoni.} ({White should try} 6. Nf3 $11) 6... O-O (6... Qa5 $5 7. Qd2 h6 8. Bxf6 Bxf6 $11) 7. Nf3 Qb6 8. Rb1 {[%emt 0:07:01] The position is equal.} e6 {[%emt 0:00:31] [#]} (8... c4 $5 ) 9. Bxf6 $146 ({Predecessor:} 9. Nd2 exd5 10. Bxf6 Bxf6 11. Nxd5 Qd8 12. c3 Bg7 13. Bc4 a6 14. a4 Kh8 15. O-O {½-½ (33) Tauaf,R (1993)-Gawehns,K (2443) IECC email 2003}) 9... Bxf6 10. Bc4 Qb4 11. Nd2 Bxc3 12. bxc3 Qxc3 13. O-O exd5 14. Bxd5 Nc6 15. Rb3 Qf6 16. Kh1 Nb4 17. Bc4 Rb8 (17... d5 $5 18. exd5 (18. Bxd5 Nxd5 19. exd5 Qd4 $11) 18... b5 19. Bxb5 Bf5 $11) 18. a4 {[%emt 0:01:32][%mdl 1024] White has compensation.} (18. f5 $5 gxf5 19. Rg3+ Kh8 20. exf5 $11) 18... Be6 (18... d5 $11 19. exd5 Bf5) 19. Rg3 (19. f5 $1 $14 Bxc4 20. Nxc4) 19... Kh8 20. c3 Nc6 $1 21. Qc1 (21. f5 $11 gxf5 22. exf5 Bxc4 23. Nxc4) 21... Bxc4 $17 22. Nxc4 Qe6 23. Nd2 f5 24. Re3 d5 {[%emt 0:03:11][%cal Rd5e4] &Nero is more active.} 25. e5 b6 26. Nf3 h6 27. Rd1 Rbd8 28. Qb2 Rd7 29. Red3 Rfd8 30. Qf2 Kg7 31. h3 Ne7 32. Rg1 Qc6 33. Qh4 Rf8 34. Re1 Qe6 35. Red1 Rc7 36. Kh2 a6 37. Qg3 Rb8 38. Nh4 b5 39. Rxd5 $2 Nxd5 $19 40. Rxd5 Rb6 {[%emt 0:00:00] Inhibits Rd6.} (40... Qxd5 $19 {has better winning chances.} 41. Qxg6+ Kh8 42. axb5 axb5 43. Nxf5 Qd8) 41. a5 $17 Rbc6 (41... Qxd5 42. axb6 Rc6 43. Nxf5+ Kh8 44. b7 $1 $18) 42. Qd3 c4 43. Qd4 Kh7 {[%emt 0:00:24][%cal Ob5b4] Strongly threatening ...b4!} 44. Rd8 $2 (44. Nf3 $17) 44... b4 $19 45. Rb8 $2 (45. g4 {is a better defense.} fxg4 46. Rb8 g3+ 47. Kg2) 45... Rd7 46. Qe3 b3 47. Nf3 {[%emt 0:00:29] aiming for Nd4.} Qd5 48. Nd4 $2 {[%emt 0:01:48] [#]} (48. Qe1 g5 49. fxg5) 48... Rcc7 $1 {[%emt 0:00:28] And now ...Rb7 would win.} 49. Rb6 Qxa5 50. Rxg6 (50. Ne6 Rc8 51. Rd6) 50... Kxg6 51. e6 {[%emt 0:00:45] [#]} Rxd4 $1 52. Qxd4 (52. e7 Re4) 52... Qc5 {[%emt 0:00:46] Black mates.} 53. Qd8 Qe7 54. Qg8+ Qg7 55. Qe8+ Kh7 56. Qh5 b2 57. Qxf5+ Qg6 58. Qe5 Rg7 {[%emt 0:00:14] Weighted Error Value: White=0.66/Black=0.25 (precise)} 0-1